 Dungeon Crawl Stone Soup version 0.31.0-1-g2c135a008e (webtiles) character file.

Game seed: 322813987249160625

402 qw the Shooter (level 7, 0/52 HPs)
             Began as a Djinni Hunter on Jan 23, 2024.
             Slain by an orc wizard
             ... wielding a +0 dagger
              (2 damage)
             ... on level 4 of the Dungeon.
             The game lasted 00:00:14 (3428 turns).

qw the Shooter (Djinni Hunter)                      Turns: 3428, Time: 00:00:14

Health: 0/52       AC:  6    Str: 10    XL:     7   Next: 11%
Gold:   220        EV: 16    Int: 10    God:
                   SH:  5    Dex: 19

rFire   + + .        a - +0 shortbow
rCold   x . .        (shield currently unavailable)
rNeg    . . .        q - +0 ring mail
rPois   inf          f - +0 helmet
rElec   .            (no cloak)
rCorr   .            (no gloves)
SInv    .            (boots unavailable)
Will    +....        i - amulet of reflection
Stlth   +            e - ring of willpower
HPRegen 0.28/turn    j - +5 ring of evasion
MPRegen 0.00/turn

%: reflection, infuse magic (-1 HP)
@: flying
A: sickness immunity, fire resistance 2, cold vulnerability 1, float, innate
caster, HP casting, extra vitality 1
a: no special abilities


You were on level 4 of the Dungeon.
You visited 1 branch of the dungeon, and saw 4 of its levels.
You also visited: Ossuary.

You collected 220 gold pieces.


Innate Abilities, Weirdness & Mutations

You are immune to sickness and miasma.
You are immune to poison.
Your flesh is very heat resistant. (rF++)
You are vulnerable to cold. (rC-)
You float through the air rather than walking.
You learn spells naturally, not from books.
Your magical power is your life essence.
You have superior vitality. (+4 MHP)


   Skills:
 - Level 4.2 Fighting
 + Level 5.4 Ranged Weapons
 - Level 1.1 Armour
 - Level 3.0 Dodging
 - Level 0.7 Stealth


You knew the following spells:

 Your Spells              Type           Power      Damage    Failure   Level
a - Sandblast             Erth           0%         2d4       67%         1
b - Call Imp              Summ           0%         N/A       82%         2
c - Inner Flame           Hex/Fire       0%         N/A       96%         3
Your spell library was empty.

Inventory:

Hand Weapons
 a - a +0 shortbow (weapon)
Armour
 f - a +0 helmet (worn)
 q - a +0 ring mail (worn)
Jewellery
 e - a ring of willpower (left hand)
 i - an amulet of reflection (around neck)
 j - a +5 ring of evasion (right hand)
Wands
 d - a wand of flame (15)
Scrolls
 c - a scroll of identify
Potions
 b - a potion of lignification {unknown}
 g - a potion of enlightenment
 k - a potion of resistance {unknown}
 l - a potion of cancellation {unknown}
 m - a potion of curing
 n - a potion of might
 o - a potion of mutation {unknown}

Dungeon Overview and Level Annotations

Branches:
Dungeon (4/15)            Ossuary (visited)
 Temple: D:4-7

Altars:
Elyvilon


Message History

Enter note:
3421 ||| RETREEEEATING.
The orc attacks as it pursues you! The orc closely misses you.
You shoot an arrow.
The arrow closely misses the orc warrior.
The orc misses you. The orc warrior closely misses you.
You shoot an arrow. The arrow hits the orc warrior.
The orc warrior is heavily wounded.
The orc barely misses you. The endoplasm freezes you.
You are frozen.
The orc warrior hits you with a +0 hand axe!
You shoot an arrow.
The arrow closely misses the orc warrior.
The endoplasm freezes you.
You are frozen.
You feel a terrible chill!
The orc warrior hits you with a +0 hand axe!
The endoplasm hits you but does no damage.
Something hits you but does no damage. The orc warrior misses you.
You shoot an arrow.
The arrow hits the orc warrior but does no damage.
The orc warrior is heavily wounded.
Something hits you. The endoplasm freezes you.
You are frozen.
You feel a terrible chill! The orc warrior barely misses you.
3426 ||| DRINKING potion of heal wounds.
You feel much better. The endoplasm freezes you.
You are frozen!
You feel a terrible chill!
You hear some strange, mumbled words.
A magic dart appears from out of thin air!
The magic dart hits you. The orc warrior barely misses you.
You shoot an arrow. The arrow hits the orc warrior.
The orc warrior is heavily wounded.
You block the endoplasm's attack. Something hits you but does no damage.
The orc warrior hits you with a +0 hand axe!
You shoot an arrow. The arrow hits the orc warrior.
The orc warrior is heavily wounded.
The endoplasm closely misses you. Something hits you.
You die...

#.....~~7~~...%.~~_~~..
#>....~~~~~.....~~~~~..
#.#....~~~...7...~~~.).
#.#.#.......777.......7
#.#.#......77 77.....77
# #...#.###.77 777.777
#. ##....#...#


777 #.. #.####{#### #...#.#..@JO..# #......#o#o### ##.#####.#o# #. ..#o# #
####lO #.. #... #... You could see an orc warrior, an ogre, an orc and an
endoplasm.

Vanquished Creatures
  An ogre (D:4)
  A scorpion (D:4)
  A centaur zombie (Ossuary)
  2 orc wizards (D:4)
  2 hound zombies (Ossuary)
  3 adders
  4 adder zombies (Ossuary)
  5 dart slugs
  2 ribbon worms
  3 orcs (D:4)
  5 bats
  8 endoplasms
  2 giant cockroaches (D:2)
  4 gnoll zombies (Ossuary)
  2 goblins (D:2)
  9 hobgoblins
  10 jackals
  9 kobolds
  3 quokkas
  8 ball pythons
  3 frilled lizards
  A jackal zombie (Ossuary)
  A kobold zombie (Ossuary)
  7 orc zombies (Ossuary)
  3 rats (D:1)
99 creatures vanquished.

Notes
Turn   | Place    | Note
-------+----------+-------------------------------------------
     0 | D:1      | qw the Djinni Hunter began the quest for the Orb.
     0 | D:1      | Reached XP level 1. HP: 18/18 MP: 0/0
     0 | D:1      | 0 ||| qw: Version: 0.3-a-135-gb77e89d
     0 | D:1      | 0 ||| qw: Game counter: 966
     0 | D:1      | 0 ||| qw: Melee chars always use a shield: true
     0 | D:1      | 0 ||| qw: God list: Okawaru
     0 | D:1      | 0 ||| qw: Allow faded altars: false
     0 | D:1      | 0 ||| qw: Do Orc after clearing Dungeon:15 true
     0 | D:1      | 0 ||| qw: Do second Lair branch before Depths: true
     0 | D:1      | 0 ||| qw: Lair rune preference: random
     0 | D:1      | 0 ||| qw: Goals: Normal
     0 | D:1      | 0 ||| PLANNING D:1-11
    61 | D:1      | Reached XP level 2. HP: 23/23 MP: 0/0
   255 | D:1      | Reached skill level 4 in Ranged Weapons
   255 | D:1      | Reached XP level 3. HP: 28/28 MP: 0/0
   255 | D:1      | Learned a level 1 spell: Sandblast
   714 | D:1      | 714 ||| UPGRADING to +0 helmet.
   719 | D:1      | 719 ||| UPGRADING to amulet of reflection.
   725 | D:1      | 725 ||| UPGRADING to ring of willpower.
   726 | D:1      | 726 ||| UPGRADING to +5 ring of evasion.
   727 | D:1      | 727 ||| READING scroll labelled WOMEYQ SESTUL.
   728 | D:1      | 728 ||| DRINKING 2 bubbling sapphire potions.
   729 | D:1      | 729 ||| DROPPING scroll of butterflies.
   985 | D:2      | Reached skill level 3 in Fighting
   985 | D:2      | Reached XP level 4. HP: 35/35 MP: 0/0
  1075 | D:2      | Reached skill level 3 in Dodging
  1226 | D:2      | 1226 ||| READING scroll labelled OMY HUSUOHASI.
  1226 | D:2      | 1226 ||| IDENTIFYING golden potion
  1227 | D:2      | 1227 ||| READING scroll labelled KESANTOJON.
  1228 | D:2      | 1228 ||| READING scroll labelled ZEEKKU MOOLOO.
  1329 | D:2      | 1329 ||| DRINKING 2 coppery potions.
  1592 | D:3      | Reached XP level 5. HP: 40/40 MP: 0/0
  1592 | D:3      | Learned a level 2 spell: Call Imp
  2101 | D:3      | 2101 ||| READING scroll labelled LOECUSHYBB.
  2202 | D:3      | 2202 ||| DRINKING 2 fuming white potions.
  2706 | D:4      | 2706 ||| PLANNING OSSUARY
  2904 | D:4      | Found a sand-covered staircase.
  2905 | D:4      | 2905 ||| UPGRADING to +0 ring mail.
  2915 | D:4      | 2915 ||| DROPPING +0 leather armour.
  2916 | D:4      | 2916 ||| DROPPING amulet of the acrobat.
  2917 | D:4      | 2917 ||| READING scroll labelled WANYZO DYITT.
  2922 | D:4      | 2922 ||| DRINKING 2 bubbling pink potions.
  2923 | D:4      | 2923 ||| DROPPING potion of attraction.
  2928 | Ossuary  | Entered an ossuary
  2954 | Ossuary  | Reached skill level 1 in Armour
  2954 | Ossuary  | Reached XP level 6. HP: 34/46 MP: 0/0
  3018 | Ossuary  | Reached skill level 5 in Ranged Weapons
  3123 | D:4      | 3123 ||| PLANNING D:1-11
  3167 | D:4      | Noticed an ogre
  3168 | D:4      | 3168 ||| ZAPPING wand of flame (22) at -6,3 (ogre; floor).
  3169 | D:4      | 3169 ||| ZAPPING wand of flame (21) at -5,3 (ogre; floor).
  3170 | D:4      | 3170 ||| ZAPPING wand of flame (20) at -4,2 (ogre; floor).
  3171 | D:4      | 3171 ||| ZAPPING wand of flame (19) at -3,2 (ogre; floor).
  3172 | D:4      | 3172 ||| ZAPPING wand of flame (18) at -2,1 (ogre; floor).
  3173 | D:4      | 3173 ||| ZAPPING wand of flame (17) at -1,0 (ogre; floor).
  3174 | D:4      | 3174 ||| ZAPPING wand of flame (16) at -1,0 (ogre; floor).
  3174 | D:4      | Killed an ogre
  3186 | D:4      | Found a white marble altar of Elyvilon.
  3224 | D:4      | Reached XP level 7. HP: 43/52 MP: 0/0
  3224 | D:4      | Learned a level 3 spell: Inner Flame
  3399 | D:4      | 3399 ||| RETREEEEATING.
  3410 | D:4      | HP: 9/52 [something/magic dart (7)]
  3411 | D:4      | 3411 ||| DRINKING 3 potions of heal wounds.
  3418 | D:4      | HP: 13/52 [something (4)]
  3419 | D:4      | 3419 ||| DRINKING 2 potions of heal wounds.
  3420 | D:4      | 3420 ||| RETREEEEATING.
  3421 | D:4      | 3421 ||| RETREEEEATING.
  3425 | D:4      | HP: 11/52 [frozen (6)]
  3426 | D:4      | 3426 ||| DRINKING potion of heal wounds.
  3427 | D:4      | HP: 2/52 [orc warrior/+0 hand axe (13)]
  3428 | D:4      | Slain by an orc wizard

Levels and vault maps discovered:
D:1:      roadster_arrival_rocket_large, layout_loops_ring, nrook_uturn,
          kennysheep_pointless_box
D:2:      layout_basic
D:3:      layout_basic, mainiacjoe_overflow_six_doors_small, dk_vineyard_2
D:4:      layout_basic, kennysheep_mini, elyvilon_altar_3, enter_ossuary_1,
          nicolae_the_louvre

Skill      XL: |  1  2  3  4  5  6 |
---------------+-------------------+-----
Ranged Weapons | 4 5 |  5.4
Fighting       | 3 4 |  4.2
Dodging        | 3 |  3.0
Armour         | 1 |  1.1
Stealth        | |  0.7

Action                     |  1- 3 |  4- 6 |  7- 9 || total
---------------------------+-------+-------+-------++-------
   Fire: Shortbow          |    89 |   237 |    56 ||   382
  Evoke: Wand              |       |     7 |       ||     7
    Use: Scroll            |     1 |     5 |       ||     6
         Potion            |     1 |     3 |     3 ||     7
 Armour: Leather armour    |    13 |    24 |       ||    37
         Ring mail         |       |    44 |    71 ||   115
  Dodge: Dodged            |    16 |   168 |    51 ||   235
  Block: Other             |     1 |    37 |    17 ||    55

Table legend:
 A = Non-vault XP
 B = Vault XP
 C = Vault XP percentage of total XP
 D = Non-vault monster count
 E = Vault monster count
 F = Vault count percentage of total count
                 A         B        C        D         E       F
            +---------+---------+-------+---------+---------+-------
      Total |     446 |     129 |  22.4 |      79 |      20 |  20.2
            +---------+---------+-------+---------+---------+-------
        D:1 |      47 |       0 |   0.0 |      25 |       0 |   0.0
        D:2 |      78 |       0 |   0.0 |      27 |       0 |   0.0
        D:3 |      25 |       0 |   0.0 |       7 |       0 |   0.0
        D:4 |     296 |       0 |   0.0 |      20 |       0 |   0.0
    Ossuary |       0 |     129 | 100.0 |       0 |      20 | 100.0
            +---------+---------+-------+---------+---------+-------
